Map: Last Remnant

Players

RedRaven

  • Race: Terran Terran
  • Spawn Location: 9:00

robyapoints

  • Race: Protoss Protoss
  • League: Bronze
  • Spawn Location: 6:00

Marquette

  • Race: Protoss Protoss
  • Spawn Location: 7:00

Rushelt

  • Race: Zerg Zerg
  • Spawn Location: 6:00

Infamous

  • Race: Protoss Protoss
  • League: Bronze
  • Spawn Location: 3:00

pinkybread

  • Race: Zerg Zerg
  • Spawn Location: 12:00

IIKillerssII

  • Race: Protoss Protoss
  • Spawn Location: 12:00

Asus

  • Race: Zerg Zerg
  • Spawn Location: 1:00

VOD

Have the link to the VOD?

Description

Time

  • Played on: March 7, 2018, 2:41 p.m.
  • Length: 16:23
Show
View Real Time Build Order
Export as new Build Order

RedRaven Terran 

Build Orders: MMM Bio 

Get SALT Encoding   

  12  0:01  SCV  
  13  0:13  SCV  
  14  0:18  Supply Depot  
  14  0:28  SCV  
  15  0:38  Refinery  
  15  0:40  SCV  
  16  0:49  Barracks  
  16  0:52  SCV  
  17  1:05  Engineering Bay  
  17  1:14  SCV  
  18  1:26  SCV  
  19  1:33  Supply Depot  
  19  1:38  SCV, Refinery  
  20  1:51  SCV  
  20  1:54  Reaper  
  22  2:03  SCV  
  22  2:07  Barracks  
  23  2:25  Orbital Command  
  23  2:26  Reaper  
  24  2:57  Sensor Tower  
  24  3:37  Barracks Tech Lab  
  24  3:38  Barracks Tech Lab  
  24  3:47  Command Center  
  24  4:15  Marauder x2  
  28  4:31  Factory  
  28  4:36  Marine x2  
  30  4:53  Marine  
  30  4:58  Marine  
  32  5:01  Supply Depot  
  32  5:03  Supply Depot  
  32  5:06  SCV  
  33  5:11  Marine  
  34  5:16  Marine, Factory  
  34  5:18  SCV  
  34  5:19  Factory Tech Lab  
  36  5:29  Marine  
  36  5:30  SCV  
  36  5:34  Marine  
  37  5:47  Marauder  
  29  5:52  Marauder  
  27  6:09  Marauder  
  28  6:32  Marauder  
  32  6:33  Marauder  
  32  6:36  Hellion x2  
  32  6:39  Combat Shields  
  36  6:40  Stimpack  
  36  6:41  Infernal Pre-Igniter  
  36  6:46  Terran Infantry Weapons Level 1  
  36  6:53  Marauder  
  40  6:54  Marauder  
  40  6:57  Hellion x2  
  44  7:15  Marauder  
  46  7:17  Armory  
  46  7:26  Factory Tech Lab  
  46  7:34  Marine  
  46  7:36  Marine  
  48  7:40  Hellion  
  50  7:52  Marine  
  50  7:53  Marine  
  50  7:58  Concussive Shells  
  52  8:05  Command Center  
  52  8:08  SCV  
  52  8:10  Marine  
  52  8:11  Marine  
  47  8:28  Marine  
  47  8:29  Marine  
  32  8:40  Hellion, Terran Infantry Armor Level 1  
  32  8:41  Hellion  
  33  8:46  Marine  
  33  8:47  Marine  
  35  8:57  Smart Servos  
  35  9:00  Terran Vehicle Weapons Level 1  
  35  9:02  Hellion x2  
  39  9:20  Planetary Fortress  
  39  9:40  SCV  
  35  9:52  SCV  
  24  10:04  SCV  
  20  10:14  Hellion x2  
  24  10:16  SCV  
  26  10:28  SCV  
  26  10:35  Hellion x2  
  30  10:54  Terran Vehicle And Ship Armor Level 1  
  30  10:58  Sensor Tower  
  30  11:11  Command Center  
  30  11:20  Hellion  
  32  11:44  Sensor Tower  
  24  12:16  Refinery  
  24  12:33  Hellion x2  
  28  12:46  Planetary Fortress  
  28  12:54  Hellion, Siege Tank  
  33  13:31  SCV  
  34  13:43  SCV  
  35  13:55  Siege Tank x2, SCV  
  42  14:07  SCV  
  43  14:19  SCV  
  43  14:21  Refinery  
  44  14:27  Siege Tank, Thor  
  53  14:32  SCV  
  53  14:38  Command Center  
  54  14:40  Refinery  
  54  15:35  Marine x2  
  36  15:53  Marine x2  
  32  16:01  SCV  
Show
View Real Time Build Order
Export as new Build Order

robyapoints Protoss 

Build Orders:  

Get SALT Encoding   

  12  1:08  Probe (Chrono Boost)  
  13  1:15  Pylon  
  13  1:18  Probe (Chrono Boost)  
  14  1:19  Pylon  
  14  1:22  Probe (Chrono Boost)  
  15  1:34  Probe  
  16  1:46  Probe  
  17  1:58  Probe (Chrono Boost)  
  19  2:09  Assimilator  
  19  2:10  Probe (Chrono Boost)  
  19  2:13  Assimilator  
  19  2:15  Probe (Chrono Boost)  
  19  2:17  Forge  
  19  2:22  Gateway  
  20  2:25  Probe (Chrono Boost), Gateway  
  21  2:35  Nexus  
  22  2:37  Probe (Chrono Boost)  
  22  2:42  Probe (Chrono Boost)  
  23  2:51  Probe  
  24  3:02  Pylon  
  24  3:03  Probe (Chrono Boost)  
  25  3:12  Pylon  
  25  3:15  Probe (Chrono Boost)  
  25  3:19  Cybernetics Core  
  26  3:21  Probe (Chrono Boost)  
  27  3:29  Probe  
  28  3:36  Zealot  
  28  3:39  Zealot  
  32  3:41  Probe  
  32  3:47  Probe  
  34  3:55  Probe (Chrono Boost)  
  35  4:01  Probe (Chrono Boost)  
  37  4:11  Probe x2 (Chrono Boost)  
  37  4:12  Assimilator  
  37  4:16  Probe (Chrono Boost)  
  37  4:17  Assimilator  
  38  4:18  Probe  
  38  4:23  Stargate  
  40  4:28  Stargate  
  40  4:30  Probe (Chrono Boost)  
  41  4:32  Pylon  
  41  4:41  Probe (Chrono Boost)  
  41  4:44  Probe (Chrono Boost)  
  43  4:46  Probe (Chrono Boost)  
  43  4:52  Probe  
  45  4:56  Protoss Air Weapons Level 1 (Chrono Boost)  
  45  4:57  Probe (Chrono Boost)  
  46  5:04  Probe (Chrono Boost)  
  46  5:05  Stargate  
  46  5:06  Stargate  
  47  5:09  Probe (Chrono Boost)  
  49  5:15  Probe (Chrono Boost)  
  49  5:17  Probe (Chrono Boost)  
  49  5:19  Probe (Chrono Boost)  
  51  5:22  Probe  
  51  5:23  Pylon  
  52  5:29  Void Ray  
  52  5:30  Probe  
  52  5:35  Probe  
  58  5:47  Probe  
  59  5:52  Photon Cannon  
  59  5:59  Probe, Photon Cannon  
  60  6:05  Photon Cannon  
  61  6:11  Probe (Chrono Boost), Void Ray x2  
  61  6:12  Void Ray  
  61  6:15  Void Ray  
  77  6:21  Probe (Chrono Boost)  
  78  6:39  Pylon  
  78  6:43  Pylon  
  78  6:47  Pylon  
  78  6:51  Protoss Air Armor Level 1  
  78  6:53  Pylon  
  78  6:57  Probe x2  
  78  7:00  Void Ray  
  84  7:07  Fleet Beacon  
  84  7:09  Pylon x2, Probe x2  
  86  7:21  Probe (Chrono Boost)  
  86  7:22  Probe (Chrono Boost)  
  88  7:24  Nexus  
  88  7:27  Pylon  
  88  7:33  Probe (Chrono Boost)  
  90  7:38  Photon Cannon  
  90  7:39  Probe (Chrono Boost)  
  90  7:41  Photon Cannon  
  90  7:42  Probe (Chrono Boost)  
  91  7:46  Protoss Shields Level 1 (Chrono Boost), Probe (Chrono Boost), Photon Cannon  
  91  7:48  Probe  
  91  7:51  Photon Cannon  
  93  7:55  Void Ray  
  97  8:00  Probe  
  98  9:19  Void Ray x3  
  110  10:01  Photon Cannon  
  110  10:05  Photon Cannon  
  110  10:06  Photon Cannon  
  110  10:08  Photon Cannon  
  110  10:10  Photon Cannon x2  
  110  10:12  Photon Cannon  
  110  10:13  Probe (Chrono Boost)  
  111  10:14  Photon Cannon  
  111  10:16  Photon Cannon  
  111  10:18  Photon Cannon  
  111  10:19  Pylon  
  111  10:23  Probe (Chrono Boost)  
  111  10:27  Probe (Chrono Boost)  
  105  10:39  Probe  
  102  10:51  Probe  
  102  10:55  Tempest  
  102  10:56  Tempest, Void Ray x2  
  111  11:03  Stargate x2  
  111  11:05  Probe (Chrono Boost)  
  112  11:11  Assimilator  
  112  11:15  Probe (Chrono Boost)  
  112  11:16  Stargate x2  
  112  11:17  Assimilator  
  113  11:20  Probe (Chrono Boost)  
  113  11:23  Pylon  
  114  11:27  Protoss Air Weapons Level 2 (Chrono Boost)  
  114  11:28  Photon Cannon, Void Ray  
  114  11:31  Cybernetics Core  
  114  11:32  Probe  
  115  11:34  Tempest  
  115  11:37  Stargate  
  115  11:39  Carrier (Chrono Boost)  
  119  11:44  Probe  
  136  11:54  Void Ray (Chrono Boost)  
  136  12:05  Probe (Chrono Boost)  
  136  12:07  Probe (Chrono Boost)  
  138  12:14  Probe (Chrono Boost)  
  140  12:17  Probe (Chrono Boost)  
  140  12:19  Probe (Chrono Boost)  
  141  12:27  Probe  
  141  12:28  Probe  
  149  12:39  Probe  
  149  12:40  Probe, Tempest (Chrono Boost)  
  149  12:42  Void Ray (Chrono Boost)  
  155  12:46  Void Ray (Chrono Boost)  
  159  12:51  Probe  
  159  12:52  Probe  
  161  13:03  Nexus  
  161  13:05  Probe  
  162  13:06  Pylon  
  162  13:13  Pylon  
  162  13:15  Pylon  
  162  13:17  Probe  
  162  13:18  Pylon  
  162  13:19  Pylon  
  163  13:25  Pylon, Protoss Air Armor Level 2 (Chrono Boost)  
  163  13:28  Pylon  
  163  13:29  Carrier  
  169  13:35  Protoss Air Weapons Level 3 (Chrono Boost)  
  169  13:51  Photon Cannon  
  169  13:52  Photon Cannon  
  169  13:53  Photon Cannon  
  169  13:59  Photon Cannon  
  169  14:25  Assimilator  
  169  14:30  Assimilator, Graviton Catapult  
  169  14:35  Carrier x2  
  181  14:40  Probe (Chrono Boost)  
  174  14:50  Probe (Chrono Boost)  
  175  14:55  Probe (Chrono Boost)  
  176  15:06  Probe  
  177  15:18  Probe  
Show
View Real Time Build Order
Export as new Build Order

Marquette Protoss 

Build Orders:  

Get SALT Encoding   

  12  0:04  Probe  
  13  0:27  Pylon  
  13  0:44  Pylon  
  13  0:50  Forge  
  13  1:00  Gateway  
  13  1:21  Pylon  
  13  1:31  Photon Cannon  
  13  1:35  Photon Cannon  
  13  1:44  Assimilator  
  13  1:49  Assimilator  
  13  2:00  Cybernetics Core  
  13  2:03  Probe  
  14  2:15  Probe  
  15  2:26  Photon Cannon  
  15  2:27  Probe  
  16  2:42  Photon Cannon  
  16  2:52  Probe  
  17  3:04  Probe (Chrono Boost)  
  19  3:13  Probe (Chrono Boost)  
  19  3:25  Photon Cannon  
  19  3:40  Probe  
  20  3:48  Protoss Shields Level 1  
  20  3:53  Stalker  
  22  4:14  Photon Cannon  
  22  4:21  Photon Cannon  
  22  4:27  Pylon  
  22  4:45  Pylon  
  22  5:02  Stalker  
  24  5:30  Photon Cannon  
  24  5:32  Stalker  
  26  5:42  Photon Cannon, Protoss Ground Weapons Level 1  
  26  6:02  Stalker  
  28  6:27  Gateway  
  28  6:31  Nexus  
  28  6:44  Stalker  
  30  7:06  Gateway  
  30  7:14  Stalker  
  32  7:18  Stalker  
  34  7:36  Protoss Ground Armor Level 1  
  34  7:58  Stalker x2  
  36  7:59  Stalker  
  41  8:05  Probe (Chrono Boost)  
  41  8:16  Probe (Chrono Boost)  
  42  8:21  Probe (Chrono Boost)  
  43  8:32  Probe  
  44  8:43  Stalker x3  
  44  8:44  Probe  
  51  8:56  Probe (Chrono Boost)  
  52  9:08  Probe (Chrono Boost)  
  53  9:15  Probe (Chrono Boost)  
  54  9:19  Pylon  
  54  9:21  Pylon  
  54  9:22  Probe  
  55  9:34  Probe  
  56  10:13  Stalker x3  
  62  10:43  Stalker x3  
  68  10:54  Twilight Council  
  68  10:56  Robotics Facility  
  68  11:13  Stalker x3  
  72  11:43  Stalker x3  
  48  12:13  Stalker x3  
  54  12:18  Immortal  
  58  12:43  Stalker x3  
  64  12:44  Assimilator  
  64  12:49  Assimilator  
  64  12:57  Immortal  
  68  13:13  Pylon, Stalker x3  
  68  13:18  Robotics Facility  
  74  13:20  Protoss Ground Weapons Level 2  
  74  13:28  Probe (Chrono Boost)  
  75  13:37  Immortal  
  75  13:40  Probe (Chrono Boost)  
  80  13:43  Stalker x3  
  80  13:45  Probe (Chrono Boost)  
  87  14:00  Pylon  
  87  14:02  Pylon  
  87  14:05  Pylon  
  87  14:09  Pylon  
  87  14:16  Immortal  
  87  14:55  Immortal  
  53  15:11  Stalker x3  
  59  15:22  Immortal  
  63  15:41  Stalker x3  
Show
View Real Time Build Order
Export as new Build Order

Rushelt Zerg 

Build Orders: Pool First 

Get SALT Encoding   

  12  0:04  Drone  
  13  0:09  Drone  
  14  0:16  Extractor  
  14  0:21  Drone  
  14  0:28  Overlord  
  15  0:50  Spawning Pool  
  14  1:24  Drone x3  
  17  1:31  Extractor  
  16  1:58  Queen  
  16  1:59  Drone x3  
  21  2:14  Overlord  
  21  3:00  Zergling x6  
  21  3:03  Metabolic Boost  
  24  3:13  Extractor  
  24  3:15  Drone, Hatchery  
  23  3:33  Zergling x6  
  23  3:34  Zergling x2  
  26  3:54  Zergling x4  
  26  4:12  Drone x2  
  26  4:13  Drone  
  29  4:38  Baneling Nest  
  26  4:58  Zergling x2  
  26  4:59  Zergling x8  
  31  5:04  Drone x3  
  34  5:13  Overlord x3  
  34  5:21  Queen  
  27  6:02  Lair  
  27  6:10  Drone x3  
  30  6:27  Spore Crawler  
  30  6:29  Drone  
  30  6:30  Drone x5  
  35  6:45  Evolution Chamber  
  34  6:51  Drone x3  
  34  6:52  Drone x2  
  39  6:57  Extractor  
  39  6:59  Extractor  
  37  7:13  Hatchery  
  36  7:18  Drone x2  
  36  7:22  Drone x2  
  40  7:40  Hydralisk Den  
  39  7:56  Infestation Pit  
  38  8:09  Overlord x2  
  38  8:15  Grooved Spines  
  38  8:23  Drone x4  
  42  8:47  Zerg Missile Weapons Level 1  
  42  8:55  Overlord x2  
  42  8:56  Overlord  
  42  8:59  Drone x3  
  45  9:06  Queen  
  47  9:14  Hive  
  47  9:27  Lurker Den, Muscular Augments  
  46  9:32  Hydralisk x4  
  46  9:33  Hydralisk x4  
  62  9:46  Hydralisk  
  62  9:47  Hydralisk x2  
  68  9:53  Drone x3  
  71  10:00  Overlord x2  
  70  10:41  Hydralisk x2  
  70  10:42  Hydralisk  
  76  10:45  Hydralisk  
  76  10:46  Hydralisk x4  
  86  10:50  Hydralisk  
  86  10:51  Hydralisk x4  
  96  10:58  Adaptive Talons  
  96  11:10  Drone  
  97  11:27  Hatchery  
  97  11:32  Hydralisk x3  
  96  11:37  Hydralisk x3  
  108  11:48  Pneumatized Carapace  
  108  12:10  Neural Parasite  
  108  12:30  Viper x3  
  117  12:41  Drone  
  117  12:42  Drone x5  
  123  12:50  Hydralisk x2  
  127  12:54  Overlord x6  
  127  13:25  Drone x3  
  130  13:27  Queen  
  130  13:30  Pathogen Glands  
  132  13:59  Hydralisk x5  
  142  14:51  Hydralisk  
  142  14:52  Hydralisk x5  
  150  14:54  Hydralisk x2  
  150  14:55  Hydralisk x7  
  150  14:58  Hydralisk x2  
Show
View Real Time Build Order
Export as new Build Order

Infamous Protoss 

Build Orders: Double Forge 

Get SALT Encoding   

  12  0:02  Probe (Chrono Boost)  
  14  0:14  Probe (Chrono Boost)  
  14  0:22  Pylon  
  14  0:24  Probe  
  15  0:40  Probe  
  15  0:42  Gateway  
  16  0:54  Pylon  
  16  0:57  Probe, Assimilator  
  17  1:10  Probe (Chrono Boost)  
  18  1:21  Probe (Chrono Boost)  
  19  1:26  Probe (Chrono Boost), Assimilator  
  19  1:30  Cybernetics Core  
  19  1:32  Pylon  
  20  1:36  Probe  
  21  1:42  Zealot  
  23  1:50  Probe  
  24  2:01  Warp Gate (Chrono Boost)  
  24  2:14  Robotics Facility  
  24  2:15  Probe  
  25  2:21  Zealot  
  27  2:31  Probe  
  28  2:43  Probe  
  29  2:49  Pylon  
  29  2:53  Gateway  
  29  2:56  Sentry  
  31  3:02  Observer  
  32  3:12  Probe  
  31  3:35  Twilight Council  
  31  3:39  Probe, Forge  
  32  3:42  Forge  
  32  4:05  Stalker x2  
  32  4:08  Probe  
  37  4:11  Immortal  
  37  4:14  Charge (Chrono Boost)  
  41  4:23  Protoss Ground Armor Level 1 (Chrono Boost)  
  41  4:31  Probe  
  41  4:35  Stalker  
  44  4:39  Zealot  
  46  4:53  Probe  
  47  5:15  Nexus  
  47  5:16  Protoss Ground Weapons Level 1 (Chrono Boost)  
  47  5:17  Pylon  
  46  5:28  Probe  
  46  5:38  Pylon  
  46  5:40  Probe  
  46  5:41  Photon Cannon  
  39  5:44  Pylon  
  39  5:48  Stalker  
  39  5:49  Shield Battery  
  41  5:50  Zealot  
  43  6:01  Gateway  
  43  6:14  Probe  
  44  6:19  Stalker  
  44  6:20  Sentry  
  48  6:33  Probe  
  49  6:41  Probe  
  49  6:45  Probe  
  51  6:58  Assimilator  
  51  7:01  Pylon  
  51  7:02  Probe x2, Assimilator  
  51  7:04  Pylon  
  53  7:12  Gateway  
  53  7:13  Immortal (Chrono Boost), Gateway  
  57  7:24  Zealot  
  57  7:25  Zealot x2  
  63  7:40  Probe  
  63  7:41  Probe  
  65  7:44  Blink  
  65  7:53  Probe (Chrono Boost)  
  66  8:04  Probe (Chrono Boost)  
  71  8:19  Pylon  
  70  8:21  Probe  
  70  8:23  Shield Battery  
  70  8:25  Photon Cannon  
  64  8:43  Stalker  
  64  8:44  Stalker  
  66  9:14  Stalker x2  
  70  9:21  Nexus  
  70  9:22  Stargate  
  70  9:24  Pylon  
  70  9:25  Stargate  
  70  9:26  Pylon, Probe (Chrono Boost)  
  70  9:30  Pylon  
  71  9:37  Immortal (Chrono Boost)  
  71  9:53  Pylon x2  
  71  10:15  Stalker x3  
  75  10:35  Photon Cannon  
  59  10:36  Shield Battery  
  52  10:44  Stalker x3  
  52  10:45  Stalker x2  
  52  10:49  Probe (Chrono Boost)  
  61  10:58  Probe (Chrono Boost)  
  61  11:03  Probe (Chrono Boost)  
  63  11:10  Pylon  
  63  11:21  Probe  
  63  11:23  Stalker  
  63  11:25  Stalker x4  
  58  11:47  Stalker  
  58  11:51  Zealot x3  
  66  12:19  Void Ray x2  
  66  12:21  Pylon  
  74  12:23  Pylon  
  74  12:25  Stalker  
  74  12:28  Protoss Shields Level 1 (Chrono Boost)  
  74  12:29  Protoss Air Weapons Level 1 (Chrono Boost)  
  76  12:45  Immortal  
  76  12:50  Stalker  
  82  12:57  Probe  
  83  13:06  Gateway  
  83  13:11  Gateway  
  83  13:12  Void Ray (Chrono Boost)  
  87  13:22  Stalker x2  
  91  13:29  Probe  
  92  13:35  Void Ray  
  92  13:39  Sentry x2  
  100  13:46  Observer  
  101  13:59  Templar Archives  
  101  14:07  Stalker x2  
  101  14:08  Stalker  
  107  14:11  Sentry  
  109  14:27  Pylon  
  77  14:45  Stalker  
  77  14:46  Stalker x3  
  77  14:47  Stalker  
Show
View Real Time Build Order
Export as new Build Order

pinkybread Zerg 

Build Orders: Pool First 

Get SALT Encoding   

  12  0:04  Drone  
  13  0:18  Drone  
  13  0:19  Overlord  
  14  0:39  Drone x2  
  16  0:47  Spawning Pool  
  15  0:50  Drone  
  16  1:25  Extractor  
  15  1:27  Drone x2  
  15  1:28  Drone  
  18  1:35  Queen  
  20  1:59  Hatchery  
  19  2:02  Drone x2  
  19  2:03  Drone  
  22  2:19  Overlord  
  22  2:39  Extractor  
  22  2:43  Roach Warren  
  20  2:59  Queen  
  20  3:01  Overlord x3  
  22  3:25  Drone  
  22  3:26  Drone x3  
  26  3:37  Evolution Chamber  
  24  4:01  Roach x3  
  30  4:16  Roach  
  30  4:17  Roach x2  
  36  4:19  Lair  
  36  4:26  Drone x3  
  36  4:28  Drone  
  36  4:30  Queen  
  42  4:38  Drone  
  42  4:40  Drone  
  43  5:13  Drone x6  
  49  5:16  Drone x3  
  52  5:23  Extractor  
  52  5:24  Extractor  
  50  5:42  Ravager x3  
  53  6:15  Drone  
  53  6:16  Drone x5  
  59  6:29  Ravager  
  60  6:51  Overlord  
  60  6:52  Overlord x5  
  60  7:20  Drone  
  60  7:21  Drone  
  62  7:25  Ravager x2  
  64  7:48  Spire  
  63  7:51  Spire  
  62  9:12  Zerg Flyer Weapons Level 1, Zerg Flyer Armor Level 1  
  62  9:40  Mutalisk  
  62  9:41  Mutalisk x8  
  80  9:46  Mutalisk x3  
  86  10:31  Mutalisk  
  86  10:32  Mutalisk x5  
  96  11:07  Mutalisk  
  96  11:08  Mutalisk x4  
  106  11:24  Hatchery  
  105  11:28  Zerg Flyer Weapons Level 2  
  105  11:30  Hatchery  
  104  11:42  Zerg Flyer Armor Level 2  
  100  12:41  Extractor  
  99  13:01  Drone x3, Extractor  
  99  13:03  Extractor  
  100  13:06  Extractor  
  99  13:36  Drone x3  
  102  13:46  Drone x2  
  102  13:47  Drone  
  105  14:05  Overlord  
  105  14:06  Overlord x11  
  105  14:53  Infestation Pit  
  43  15:31  Mutalisk x10  
  43  15:32  Mutalisk x3  
Show
View Real Time Build Order
Export as new Build Order

IIKillerssII Protoss 

Build Orders:  

Get SALT Encoding   

  12  0:25  Pylon  
  12  0:27  Pylon  
  12  0:51  Assimilator  
  12  0:53  Assimilator  
  12  1:10  Gateway  
  12  2:00  Forge  
  12  2:01  Cybernetics Core  
  12  2:16  Probe  
  13  2:34  Zealot  
  15  2:57  Nexus  
  15  3:16  Probe  
  16  3:28  Probe  
  17  3:40  Probe  
  18  3:41  Stalker  
  20  4:26  Twilight Council  
  20  4:33  Pylon  
  20  4:37  Pylon  
  20  4:45  Pylon  
  20  4:50  Pylon  
  20  5:25  Gateway  
  20  5:33  Dark Shrine  
  20  5:47  Stargate  
  20  6:18  Charge  
  20  6:32  Probe (Chrono Boost)  
  21  6:42  Probe (Chrono Boost)  
  21  6:44  Probe (Chrono Boost)  
  23  6:52  Probe (Chrono Boost)  
  24  7:04  Dark Templar  
  24  7:05  Dark Templar  
  28  7:13  Probe (Chrono Boost)  
  29  7:22  Probe (Chrono Boost)  
  31  7:24  Probe (Chrono Boost)  
  31  7:29  Probe (Chrono Boost)  
  32  7:37  Assimilator  
  32  7:41  Assimilator  
  32  7:53  Warp Gate  
  32  7:58  Blink  
  32  8:15  Pylon  
  32  8:20  Pylon  
  32  8:30  Dark Templar  
  32  8:31  Dark Templar  
  36  8:39  Fleet Beacon  
  38  9:10  Dark Templar  
  38  9:36  Stalker  
  40  9:49  Stalker  
  42  10:06  Stalker  
  29  11:07  Stargate  
  29  11:09  Stargate  
  29  11:12  Stargate  
  29  11:16  Probe (Chrono Boost)  
  30  11:24  Probe (Chrono Boost)  
  32  11:27  Probe (Chrono Boost)  
  32  11:32  Probe (Chrono Boost)  
  33  11:34  Probe (Chrono Boost), Dark Templar x2  
  33  11:36  Probe (Chrono Boost)  
  39  11:42  Probe  
  40  11:47  Probe  
  41  11:55  Probe  
  41  11:59  Probe  
  41  12:08  Dark Templar x2  
  45  12:16  Pylon  
  45  12:28  Pylon  
  63  12:41  Carrier x3 (Chrono Boost)  
  63  13:07  Probe  
  64  13:14  Carrier (Chrono Boost)  
  64  13:19  Probe  
  71  13:59  Gateway  
  71  14:04  Gateway  
  71  14:05  Carrier  
  71  14:06  Carrier  
  71  14:08  Carrier  
  87  15:00  Pylon  
  75  15:33  Dark Templar x3  
  75  15:34  Dark Templar  
  75  16:06  Dark Templar x2  
  75  16:07  Dark Templar  
  75  16:08  Dark Templar  
Show
View Real Time Build Order
Export as new Build Order

Asus Zerg 

Build Orders: Hatch First 

Get SALT Encoding   

  12  0:04  Drone  
  13  0:10  Drone  
  14  0:30  Overlord  
  14  0:39  Extractor  
  13  0:44  Extractor  
  13  0:45  Drone x2  
  13  0:49  Drone  
  15  1:04  Drone  
  16  1:20  Drone  
  16  1:25  Hatchery  
  16  1:48  Spawning Pool  
  15  2:07  Drone x3  
  18  2:40  Drone  
  18  2:41  Drone  
  18  2:43  Queen  
  22  2:46  Queen  
  22  2:51  Drone x2  
  26  3:12  Zergling x4  
  28  3:16  Overlord  
  28  3:32  Metabolic Boost  
  28  3:35  Drone x2  
  28  3:40  Drone x3  
  33  4:10  Zergling x2  
  33  4:11  Zergling x4  
  36  4:18  Overlord x2  
  36  4:19  Overlord x3  
  36  4:35  Lair  
  36  4:38  Zergling x4  
  36  4:39  Zergling x2  
  39  5:06  Zergling x6  
  44  5:07  Zergling x4  
  44  5:11  Zergling x8  
  44  5:12  Zergling x4  
  50  5:18  Extractor  
  49  5:21  Extractor  
  42  6:20  Zergling x10  
  47  6:58  Baneling Nest  
  47  6:59  Drone x5  
  51  7:11  Zergling x8  
  51  7:12  Zergling x4  
  57  7:36  Drone x3  
  57  7:37  Drone x3  
  63  7:49  Baneling x5  
  63  7:50  Baneling x6  
  63  7:51  Baneling x5  
  63  7:52  Baneling  
  63  8:13  Centrifical Hooks  
  54  8:46  Zergling x10  
  54  8:47  Hydralisk Den, Zergling x6  
  61  9:02  Spore Crawler  
  61  9:04  Spore Crawler  
  61  9:05  Spore Crawler  
  61  9:08  Spore Crawler  
  42  10:05  Hatchery  
  22  10:29  Hydralisk x3  
  22  10:30  Hydralisk x2  
  32  11:17  Hatchery  
  31  11:34  Spawning Pool  
  30  12:10  Drone x3  
  33  12:32  Drone  
  33  12:34  Queen  
  36  12:44  Lair  
  36  13:06  Drone x3  
  39  13:26  Drone  
  40  13:46  Queen  
  42  13:55  Extractor x2  
  41  14:02  Spore Crawler x2  
  39  14:08  Spore Crawler  
  37  14:11  Spore Crawler  
  37  14:15  Zergling x4  
  37  14:16  Zergling x8  
  42  14:18  Spore Crawler  
  33  14:54  Hydralisk x3  
  37  15:04  Hydralisk x3  
  43  15:19  Baneling x3  
  43  15:20  Baneling x6  
  43  15:21  Baneling x3  
Tags
 
Add a new tag
Caveats
  • Supply blocks, unpowered buildings, or Contaminate may cause inaccurate times.
  • Supply counts are checked every 10 seconds.